 Dungeon Crawl Stone Soup version 0.14-a0-932-g154aeca (webtiles) character file.

1522 PolkaDot the Ruinous (level 8, -2/52 HPs)
             Began as a Vampire Conjurer on Nov 18, 2013.
             Was a Believer of Vehumet.
             Killed from afar by an orc wizard (8 damage)
             ... with a magic dart
             ... on Level 8 of the Dungeon.
             The game lasted 00:30:18 (7483 turns).

PolkaDot the Ruinous (Vampire Conjurer)             Turns: 7483, Time: 00:30:20

HP  -2/52        AC  4     Str  7      XL: 8   Next: 23%
MP  11/15        EV 12     Int 19      God: Vehumet [**....]
Gold 303         SH  0     Dex 14      Spells:  6 memorised,  0 levels left

Res.Fire  : x . .   See Invis. : +   x - +2,+1 dagger (venom)
Res.Cold  : + . .   Warding    : .   a - +0 robe
Life Prot.: + . .   Conserve   : .   (no shield)
Res.Poison: .       Res.Corr.  : .   y - +1 cap (curse)
Res.Elec. : .       Clarity    : .   g - +0 cloak
Sust.Abil.: . .     Spirit.Shd : .   (no gloves)
Res.Mut.  : .       Stasis     : .   (no boots)
Res.Rott. : .       Flight     : .   (no amulet)
Saprovore : . . .                    (no ring)
                                     m - ring of ice

@: somewhat resistant to hostile enchantments, stealthy
A: bottle blood, fangs 3, see invisible, unbreathing
a: Bat Form, Bottle Blood, Renounce Religion


You were on level 8 of the Dungeon.
You worshipped Vehumet.
Vehumet was pleased with you.
You were not thirsty.

You visited 1 branch of the dungeon, and saw 8 of its levels.

You collected 303 gold pieces.

Inventory:

Hand weapons
 x - a +2,+1 dagger of venom (weapon)
Armour
 a - a +0 robe (worn)
 g - a +0 cloak (worn)
 y - a cursed +1 cap (worn)
Magical devices
 v - a wand of frost (11)
 C - a wand of enslavement (13)
Scrolls
 d - 2 scrolls of teleportation {unknown}
 k - a scroll of enchant weapon I
 l - a scroll of enchant weapon II {unknown}
 t - a scroll of magic mapping
 u - a scroll of curse jewellery {unknown}
 z - 2 scrolls of remove curse {unknown}
 A - a scroll of amnesia {unknown}
 B - a scroll of identify
 E - a scroll of fear {unknown}
Jewellery
 m - a ring of ice (left hand)
Potions
 e - 4 potions of heal wounds
 f - a potion of porridge
 h - a potion of brilliance
 i - 2 potions of might
 j - a potion of restore abilities
 o - a potion of magic
 p - a potion of resistance
 q - 6 potions of curing
 r - a potion of berserk rage
 s - a potion of confusion {unknown}
 w - a potion of mutation {unknown}
 D - a potion of agility {unknown}
Books
 b - a book of Burglary

   Spells                             Type                      Level
   Apportation                        Translocation                1
   *Swiftness                         Charms/Air                   2
   Passwall                           Transmutation/Earth          3
   Passage of Golubria                Translocation                4
   Lee's Rapid Deconstruction         Earth                        5
   Darkness                           Hexes                        7
 c - a book of Conjurations

   Spells                             Type                      Level
   *Magic Dart                        Conjuration                  1
   *Searing Ray                       Conjuration                  2
   Dazzling Spray                     Conjuration/Hexes            3
   Iskenderun's Mystic Blast          Conjuration                  4
   *Iskenderun's Battlesphere         Conjuration/Charms           4
   Fulminant Prism                    Conjuration/Hexes            5
 n - a book of Fire

   Spells                             Type                      Level
   Fire Brand                         Charms/Fire                  2
   Ignite Poison                      Fire/Transmutation           5
   Fireball                           Conjuration/Fire             5
   Bolt of Fire                       Conjuration/Fire             6
   Delayed Fireball                   Conjuration/Fire             7
   Ring of Flames                     Charms/Fire                  7


   Skills:
 - Level 2.1 Dodging
 - Level 3.0 Stealth
 - Level 2.4 Spellcasting
 + Level 6.8 Conjurations
 + Level 2.9 Charms
 * Level 4.0 Air Magic


You couldn't memorise any spells.
You knew the following spells:

 Your Spells              Type           Power        Failure   Level  Hunger
a - Sting                 Conj/Pois      ###.         4%          1    #......
b - Swiftness             Chrm/Air       ###.......   8%          2    ##.....
c - Magic Dart            Conj           ####         1%          1    #......
d - Iskenderun's Battles  Conj/Chrm      ###.....     28%         4    #####..
s - Searing Ray           Conj           ####..       1%          2    ##.....
A - Shock                 Conj/Air       ###.         1%          1    #......


Dungeon Overview and Level Annotations

Branches:
Dungeon (8/16)
 Temple: D:4-7          Orc: D:6-11        Lair: D:8-13

Altars:
Vehumet
Yredelemnul

Shops:
D:4 (   D:7 =   D:8 %

Annotations:
D:4 Duskembrace's ghost, experienced GrBe


Innate Abilities, Weirdness & Mutations

You can bottle blood from corpses.
You have razor-sharp teeth.*
You have supernaturally acute eyesight.
You can survive without breathing.*


Message History

Confirm with . or Enter, or press ? or * to list all spells.
Aiming: Searing Ray
Press: ? - help, Shift-Dir - straight line, f - orc wizard
Aim: an orc wizard, wielding an orcish dagger and wearing an orcish robe (slightly transparent)
The searing ray misses the orc wizard.
The orc wizard hits you but does no damage.
An orc wizard comes into view. It is wielding an orcish dagger.
The searing ray misses the orc wizard.
The orc wizard casts a spell at you.
You are confused.
The orc wizard shouts!
The orc wizard barely misses you.
Drink which item? (? for menu, Esc to quit)
You feel better.
The orc wizard gestures at you while chanting.
The puff of flame hits you! The fire burns you terribly!
* * * LOW HITPOINT WARNING * * *
The orc wizard gestures at you while chanting.
The magic dart hits you!
You die...

#.# #.....#
#.# #...∩.#
#.# #.....#
#?#
#.....######
#.#
#.<........(
#.#
#....(.)o...
#.#
#...########
#)# #...#
#@#####...#
#o..o.....#
#.........#
#......<..#
#...####..#
#...#..#..#
#...'..#..#
#...#..#..#
#...#..#..#


You could see 2 orc wizards.

Vanquished Creatures
  A sky beast (D:7)
  A phantom (D:5)
  A black bear (D:7)
  An ice beast (D:8)
  A centaur (D:8)
  A giant frog (D:6)
  A water moccasin (D:6)
  A yak skeleton (D:7)
  A hippogriff skeleton (D:6)
  A goliath beetle (D:6)
  3 hounds
  A crimson imp (D:7)
  2 giant frog skeletons (D:7)
  2 iguanas
  A quasit (D:5)
  2 worker ants
  2 scorpions
  Ijyb (D:7)
  4 adders
  2 giant mites
  A worm (D:2)
  A scorpion zombie (D:7)
  2 giant eyeballs
  3 giant geckos
  5 orcs
  16 bats
  6 giant cockroaches
  6 goblins
  7 hobgoblins
  16 jackals
  2 quokkas (D:6)
  2 ball pythons (D:3)
  3 giant newts
  A goblin zombie (D:5)
  14 kobolds
  A kobold skeleton (D:7)
  9 rats
  A rat skeleton (D:4)
  A rat zombie (D:5)
127 creatures vanquished.

Vanquished Creatures (others)
  A giant spore (D:7)
1 creature vanquished.

Grand Total: 128 creatures vanquished

Notes
Turn   | Place    | Note
--------------------------------------------------------------
     0 | D:1      | PolkaDot, the Vampire Conjurer, began the quest for the Orb.
     0 | D:1      | Reached XP level 1. HP: 13/13 MP: 4/4
   248 | D:1      | Reached XP level 2. HP: 19/19 MP: 0/5
  1337 | D:1      | Reached XP level 3. HP: 24/24 MP: 3/6
  1469 | D:1      | Learned a level 2 spell: Searing Ray
  2068 | D:2      | Reached skill level 4 in Conjurations
  2697 | D:3      | Reached XP level 4. HP: 27/30 MP: 0/8
  3183 | D:3      | Found a radiant altar of Vehumet.
  3190 | D:3      | Became a worshipper of Vehumet
  4155 | D:4      | Found Rusot's Weapon Boutique.
  4172 | D:4      | Paralysed by a giant eyeball for 4 turns
  4186 | D:4      | Reached XP level 5. HP: 17/35 MP: 1/9
  4252 | D:4      | Noticed Duskembrace's ghost (experienced GrBe)
  4305 | D:5      | Entered Level 5 of the Dungeon
  4339 | D:5      | Reached skill level 5 in Conjurations
  4403 | D:5      | Noticed a phantom
  4500 | D:5      | Killed a phantom
  4500 | D:5      | Reached XP level 6. HP: 41/41 MP: 4/10
  4561 | D:5      | Learned a level 4 spell: Iskenderun's Battlesphere
  4779 | D:5      | Acquired Vehumet's first power
  4779 | D:5      | Offered knowledge of Sting by Vehumet.
  4887 | D:5      | HP: 2/41 [iguana (13)]
  5254 | D:5      | Found a basalt altar of Yredelemnul.
  5551 | D:6      | Reached skill level 6 in Conjurations
  5588 | D:6      | Reached XP level 7. HP: 39/46 MP: 2/13
  6129 | D:6      | Learned a level 1 spell: Sting
  6132 | D:6      | Learned a level 2 spell: Swiftness
  6242 | D:7      | Reached skill level 1 in Charms
  6242 | D:7      | Reached skill level 1 in Air Magic
  6362 | D:7      | Found Grics' Jewellery Emporium.
  6621 | D:7      | Noticed Ijyb
  6634 | D:7      | Killed Ijyb
  6892 | D:7      | Reached XP level 8. HP: 52/52 MP: 6/15
  7274 | D:7      | Paralysed by a giant eyeball for 2 turns
  7333 | D:8      | Offered knowledge of Shock by Vehumet.
  7336 | D:8      | Learned a level 1 spell: Shock
  7450 | D:8      | Found Creirghe's Food Shop.
  7483 | D:8      | Killed from afar by an orc wizard

Action                   |  1- 3 |  4- 6 |  7- 9 || total
-------------------------+-------+-------+-------++-------
Melee: Unarmed           |    56 |    49 |       ||   105
       Dagger            |       |    75 |    50 ||   125
 Cast: Magic Dart        |    74 |    16 |       ||    90
       Searing Ray       |     7 |    23 |    28 ||    58
       Sting             |       |       |     1 ||     1
       Iskenderun's Batt |       |       |     1 ||     1
Evoke: Wand              |       |       |     2 ||     2
  Use: Scroll            |       |    12 |       ||    12
       Potion            |       |     1 |     1 ||     2
 Stab: Sleeping          |       |       |     2 ||     2
